 Dungeon Crawl Stone Soup version 0.24-a0-446-g87df7205b4 (webtiles) character file.

Game seed: 8516577704382843589

927 Ijustatesigmund the Fighter (level 8, -2/91 HPs)
             Began as an Ogre Hunter on June 24, 2019.
             Slain by an orc warrior
             ... wielding a +0 trident of freezing
              (20 damage)
             ... on level 6 of the Dungeon.
             The game lasted 00:11:50 (6964 turns).

Ijustatesigmund the Fighter (Ogre Hunter)           Turns: 6964, Time: 00:11:51

Health: -2/91      AC:  4    Str: 17    XL:     8   Next: 10%
Magic:  8/8        EV: 10    Int: 12    God:
Gold:   281        SH:  0    Dex: 11    Spells: 7/7 levels left

rFire    . . .     SeeInvis .   a - +4 flail
rCold    . . .     Gourm    .   (no shield)
rNeg     + . .     Faith    .   b - +1 robe
rPois    +         Spirit   .   (helmet restricted)
rElec    .         Reflect  .   (no cloak)
rCorr    .         Harm     .   (gloves unavailable)
MR       .....                  (boots unavailable)
Stlth    +.........             (no amulet)
HPRegen  0.25/turn              g - ring of positive energy
MPRegen  0.11/turn              u - ring of poison resistance

@: about to teleport
A: large, unfitting armour, tough skin 1
a: no special abilities


You were on level 6 of the Dungeon.
You were not hungry.

You visited 1 branch of the dungeon, and saw 6 of its levels.
You also visited: Sewer.

You collected 281 gold pieces.

Inventory:

Hand Weapons
 a - a +4 flail (weapon)
 s - a cursed +0 giant spiked club
Missiles
 c - 3 large rocks
 d - 3 throwing nets
 h - 2 curare-tipped darts (quivered)
 l - 5 javelins
Armour
 b - a +1 robe (worn)
Jewellery
 g - a ring of positive energy (left hand)
 u - a ring of poison resistance (right hand)
 z - an uncursed ring of fire
Wands
 o - a wand of random effects (37)
 p - a wand of iceblast (6)
 r - a wand of flame (22)
 x - a wand of polymorph (2)
Scrolls
 k - 4 scrolls of remove curse
 v - a scroll of blinking
 w - a scroll of noise {unknown}
Potions
 e - a potion of invisibility
 i - a potion of lignification
 j - a potion of haste
 m - a potion of heal wounds
 n - 2 potions of magic
 q - 2 potions of curing
Comestibles
 f - 9 rations
 A - 5 chunks of flesh


   Skills:
 + Level 8.8 Fighting
 + Level 5.6 Maces & Flails
 - Level 4.0 Throwing
 - Level 1.7 Dodging
 - Level 0.6 Stealth


You had 7 spell levels left.
You didn't know any spells.
Your spell library contained the following spells:

 Spells                   Type           Power        Failure   Level  Hunger
 Confusing Touch          Hex            #.....       32%         1    ##.....
 Confuse                  Hex            #.......     69%         3    ####...
 Gell's Gravitas          Tloc           #.........   69%         3    ####...
 Petrify                  Tmut/Erth      #.......     97%         4    #####..
 Metabolic Englaciation   Hex/Ice        #.........   100%        5    ######.
 Yara's Violent Unravell  Hex/Tmut       #.........   100%        5    ######.


Dungeon Overview and Level Annotations

Branches:
Dungeon (6/15)
 Temple: D:4-7

Altars:
Cheibriados
Elyvilon
Fedhas
Gozag
Hepliaklqana
Kikubaaqudgha
Okawaru
Qazlal
Ru
Trog
Vehumet
Xom
Yredelemnul
Zin

Shops:
D:5 [

Annotations:
D:5 3 runed translucent doors, Enish's ghost, novice FoAK; zkyp's ghost, novice OpGl


Innate Abilities, Weirdness & Mutations

You are too large for most types of armour.
You have tough skin. (AC +1)


Message History

The killer bee zombie closely misses you.
As you read the scroll of teleportation, it crumbles to dust.
You feel strangely unstable.
The killer bee zombie hits you but does no damage.
The orc warrior hits you with a +0 trident of freezing!
* * * LOW HITPOINT WARNING * * *
The orc warrior freezes you.
* * * LOW HITPOINT WARNING * * *
The killer bee zombie hits you but does no damage.
The killer bee zombie hits you.
* * * LOW HITPOINT WARNING * * *
The orc warrior barely misses you. The killer bee zombie hits you.
* * * LOW HITPOINT WARNING * * *
You feel much better.
The orc warrior looks more healthy.
The killer bee zombie hits you.
* * * LOW HITPOINT WARNING * * *
The killer bee zombie closely misses you.
The orc warrior hits you from afar with a +0 trident of freezing!!
You die...

##........>#
#####..........#
≈≈≈(..........#
#≈...........#
#≈..........#
#+#≈..........#
≈.≈≈...)o....#
.......<....##
........Z@.##
..........##
.....J.....#
.....|..##..#
.......## ##.#
......# ..#
.....# .# ..# #


You could see an orc warrior, a jelly and a killer bee zombie.

Vanquished Creatures
  A hungry ghost (D:5)
  2 ogres (D:4)
  A howler monkey (D:5)
  A centaur zombie (D:5)
  A crimson imp (D:5)
  A bullfrog zombie (D:5)
  A bullfrog skeleton (D:5)
  2 orc wizards
  4 orc priests
  Ijyb (D:5)
  2 worker ants (D:4)
  4 gnolls (D:3)
  8 adders
  An adder zombie (D:5)
  A dart slug (D:2)
  3 leopard geckos
  12 orcs
  4 bats
  6 giant cockroaches
  13 goblins
  9 hobgoblins
  8 jackals (Sewer)
  12 kobolds
  2 quokkas (D:4)
  5 ball pythons
  10 frilled lizards
  A leopard gecko skeleton (D:5)
  13 rats
129 creatures vanquished.

Vanquished Creatures (others)
  An orc warrior (D:5)
  A hound (D:5)
  An orc wizard (D:5)
  An orc priest (D:5)
  2 worker ants (D:5)
  An adder (D:5)
  2 orcs (D:5)
  A frilled lizard (D:5)
  A plant (Sewer)
  2 withered plants (D:5)
13 creatures vanquished.

Grand Total: 142 creatures vanquished

Notes
Turn   | Place    | Note
-------+----------+-------------------------------------------
     0 | D:1      | Ijustatesigmund the Ogre Hunter began the quest for the
                  | Orb.
     0 | D:1      | Reached XP level 1. HP: 22/22 MP: 1/1
    33 | D:1      | Reached skill level 3 in Fighting
    35 | D:1      | HP: 1/23 [hobgoblin/+0 club (4)]
   682 | D:2      | Reached XP level 2. HP: 21/31 MP: 2/2
  1083 | D:2      | Reached skill level 1 in Maces & Flails
  1207 | D:2      | Reached XP level 3. HP: 29/39 MP: 3/3
  1213 | D:2      | Reached skill level 4 in Fighting
  1671 | D:2      | Found a sacrificial altar of Ru.
  2328 | D:2      | Found a snail-covered altar of Cheibriados.
  2501 | D:1      | Reached XP level 4. HP: 49/49 MP: 4/4
  3017 | D:3      | Found a glowing drain.
  3307 | D:3      | Reached skill level 5 in Fighting
  3307 | D:3      | Reached XP level 5. HP: 28/57 MP: 5/5
  3435 | Sewer    | Entered a sewer
  4481 | D:3      | Reached skill level 6 in Fighting
  4484 | D:3      | Reached XP level 6. HP: 33/67 MP: 6/6
  4780 | D:3      | Found an opulent altar of Gozag.
  4783 | D:3      | Found a hazy altar of Hepliaklqana.
  4783 | D:3      | Found a white marble altar of Elyvilon.
  4783 | D:3      | Found a glowing silver altar of Zin.
  4803 | D:3      | Found a blossoming altar of Fedhas.
  4807 | D:3      | Found a basalt altar of Yredelemnul.
  4842 | D:3      | Noticed a sky beast
  5162 | D:4      | Found a radiant altar of Vehumet.
  5219 | D:4      | Found an iron altar of Okawaru.
  5343 | D:4      | Reached skill level 7 in Fighting
  5617 | D:4      | Reached XP level 7. HP: 78/78 MP: 7/7
  5776 | D:4      | Found a bloodstained altar of Trog.
  6035 | D:5      | Entered Level 5 of the Dungeon
  6041 | D:5      | Noticed a hungry ghost
  6066 | D:5      | Killed a hungry ghost
  6082 | D:5      | Found a shimmering altar of Xom.
  6130 | D:5      | Noticed Ijyb
  6174 | D:5      | Killed Ijyb
  6174 | D:5      | Reached skill level 8 in Fighting
  6180 | D:5      | Reached skill level 5 in Maces & Flails
  6289 | D:5      | Found Ybraony's Antique Armour Shoppe.
  6427 | D:5      | Found a stormy altar of Qazlal.
  6429 | D:5      | Noticed a fire elemental
  6431 | D:5      | Noticed an air elemental
  6431 | D:5      | Noticed a water elemental
  6538 | D:5      | Found a runed translucent gate.
  6538 | D:5      | Found a runed translucent gate.
  6538 | D:5      | Found a runed translucent gate.
  6539 | D:5      | Noticed Enish's ghost (novice FoAK)
  6540 | D:5      | Noticed zkyp's ghost (novice OpGl)
  6718 | D:5      | Found an ancient bone altar of Kikubaaqudgha.
  6860 | D:5      | Reached XP level 8. HP: 72/89 MP: 8/8
  6963 | D:6      | HP: 2/91 [killer bee zombie (4)]
  6964 | D:6      | Slain by an orc warrior

Levels and vault maps discovered:
D:1:      dpeg_arrival_tiny_c, layout_rooms
D:2:      layout_basic, nicolae_overflow_hidden_temple, lemuel_round_altar,
          serial_rivers, chequers_serial_rivers_marsh,
          chequers_serial_rivers_marsh, chequers_serial_rivers_small_b,
          chequers_serial_rivers_room_a, chequers_serial_rivers_micro_c,
          chequers_serial_rivers_small_b
D:3:      layout_basic, minmay_overflow_temple_hex, gup_sewer_entry_glass
D:4:      layout_basic, lemuel_round_altar, lemuel_coloured_pillars_altar,
          hex_large, vehumet_altar_wand_db
D:5:      layout_loops_ring, nicolae_qazlal_style_of_elements,
          marbit_many_paths, gammafunk_ghost_cemetery, serial_shops,
          kennysheep_little_box, first_ration, xom_confusion_cloud, uniq_ijyb
D:6:      layout_layer_cave, kennysheep_mini_moat,
          corexii_item_surrounded_by_moat

Skill      XL: |  1  2  3  4  5  6  7 |
---------------+----------------------+-----
Fighting       | 3 4 5 6 7 8 |  8.8
Maces & Flails | 1 2 3 4 5 |  5.6
Throwing       | |  4.0
Dodging        | |  1.7
Stealth        | |  0.6

Action                   |  1- 3 |  4- 6 |  7- 9 || total
-------------------------+-------+-------+-------++-------
Melee: Whip              |    30 |       |       ||    30
       Short sword       |     9 |       |       ||     9
       Club              |    51 |       |       ||    51
       Flail             |    16 |   214 |    77 ||   307
       Unarmed           |       |       |     7 ||     7
Throw: Large rock        |     9 |     4 |       ||    13
       Dart              |     7 |       |     5 ||    12
       Throwing net      |     2 |       |       ||     2
Evoke: Wand              |       |       |     1 ||     1
  Use: Scroll            |     3 |     7 |     6 ||    16
       Potion            |       |     2 |     1 ||     3
 Stab: Sleeping          |       |     1 |       ||     1
  Eat: Chunk             |     4 |     8 |     2 ||    14
       Ration            |       |     1 |     2 ||     3
Armor: Robe              |    42 |    93 |    26 ||   161
Dodge: Dodged            |    57 |   147 |    43 ||   247

Table legend:
 A = Non-vault XP
 B = Vault XP
 C = Vault XP percentage of total XP
 D = Non-vault monster count
 E = Vault monster count
 F = Vault count percentage of total count
                 A         B        C        D         E       F
            +---------+---------+-------+---------+---------+-------
      Total |    1067 |     258 |  19.5 |      98 |      31 |  24.0
            +---------+---------+-------+---------+---------+-------
        D:1 |      45 |       0 |   0.0 |      29 |       0 |   0.0
        D:2 |      82 |       0 |   0.0 |      27 |       0 |   0.0
        D:3 |     171 |      20 |  10.5 |      22 |       4 |  15.4
        D:4 |     312 |       2 |   0.6 |       9 |       1 |  10.0
        D:5 |     422 |     156 |  27.0 |      10 |       5 |  33.3
        D:6 |      35 |       0 |   0.0 |       1 |       0 |   0.0
      Sewer |       0 |      80 | 100.0 |       0 |      21 | 100.0
            +---------+---------+-------+---------+---------+-------
